EL
MIDLAND ROCKHOUNDS @ CORPUS CHRISTI HOOKS
09/02/2044
 
TOP OF THE 1ST
Midland RockHounds batting - Pitching for Corpus Christi Hooks : RHP Michael Bruce
Pitching: RHP Michael Bruce
Batting: RHB Josh Sinden 0-0: Called Strike
0-1: Foul Ball, location: 2F
0-2: Ball
1-2: Ball
2-2: Fly out, F9 (Flyball, 9LS, EV 91.9 MPH)
Batting: RHB Matt Sherard 0-0: Fly out, F7 (Line Drive, 7, EV 93.1 MPH)
Batting: LHB John Shults 0-0: Ball
1-0: Ground out 5-3 (Groundball, 5, EV 106.2 MPH)
Top of the 1st over - 0 runs, 0 hits, 0 errors, 0 left on base; Midland 0 - Corpus Christi 0
BOTTOM OF THE 1ST
Corpus Christi Hooks batting - Pitching for Midland RockHounds : RHP Nick Kirk
Pitching: RHP Nick Kirk
Batting: RHB Paul Shell 0-0: Ground out 5-3 (Groundball, 56S, EV 87.5 MPH)
Batting: RHB Antonio Gamez 0-0: Ball
1-0: Ball
2-0: Called Strike
2-1: Ball
3-1: Fly out, F8 (Line Drive, 8LM, EV 90.6 MPH)
Batting: LHB Angelo Vasquez 0-0: Ball
1-0: Ball
2-0: Ball
3-0: Called Strike
3-1: Called Strike
3-2: SINGLE (Line Drive, 3D, EV 94.4 MPH)
Batting: RHB Jamie Jennings 0-0: Ground out 4-3 (Groundball, 4, EV 105.0 MPH)
Bottom of the 1st over - 0 runs, 1 hit, 0 errors, 1 left on base; Midland 0 - Corpus Christi 0
TOP OF THE 2ND
Midland RockHounds batting - Pitching for Corpus Christi Hooks : RHP Michael Bruce
Batting: LHB Chance Stever 0-0: Foul Ball, location: 2F
0-1: Ground out 5-3 (Groundball, 56, EV 99.4 MPH)
Batting: RHB Kevin Wiles 0-0: Ball
1-0: Called Strike
1-1: Called Strike
1-2: SINGLE (Groundball, 15S, EV 71.9 MPH) (infield hit)
Batting: RHB Trevor Conklin 0-0: Called Strike
Kevin Wiles steals 2nd base
0-1: Called Strike
0-2: Foul Ball, location: 2F
0-2: Ball
1-2: Ball
2-2: Strikes out swinging, 2-3 out at first.
Batting: RHB Fathi Addae 0-0: Called Strike
0-1: Foul Ball, location: 2F
0-2: Strikes out looking
Top of the 2nd over - 0 runs, 1 hit, 0 errors, 1 left on base; Midland 0 - Corpus Christi 0
BOTTOM OF THE 2ND
Corpus Christi Hooks batting - Pitching for Midland RockHounds : RHP Nick Kirk
Batting: RHB Pete Isley 0-0: Ground out 5-3 (Groundball, 56S, EV 93.1 MPH)
Batting: SHB Malik Whitted 0-0: Ball
1-0: Ball
2-0: Called Strike
2-1: Fly out, F7 (Flyball, 78D, EV 77.5 MPH)
Batting: RHB Jim Huff 0-0: Ground out 3-1 (Groundball, 34S, EV 71.9 MPH)
Bottom of the 2nd over - 0 runs, 0 hits, 0 errors, 0 left on base; Midland 0 - Corpus Christi 0
TOP OF THE 3RD
Midland RockHounds batting - Pitching for Corpus Christi Hooks : RHP Michael Bruce
Batting: RHB Dave Vezina 0-0: Ground out 6-3 (Groundball, 6, EV 91.9 MPH)
Batting: RHB Justin Menotti 0-0: Ball
1-0: Ball
2-0: Foul Ball, location: 2F
2-1: Swinging Strike
2-2: Ground out 5-3 (Groundball, 56, EV 98.8 MPH)
Batting: RHB Josh Sinden 0-0: Ball
1-0: Foul Ball, location: 2F
1-1: Ball
2-1: Called Strike
2-2: Ball
3-2: Foul Ball, location: 2F
3-2: Base on Balls
Batting: RHB Matt Sherard 0-0: Ball
Josh Sinden is caught stealing 2nd base 2-4
Top of the 3rd over - 0 runs, 0 hits, 0 errors, 0 left on base; Midland 0 - Corpus Christi 0
BOTTOM OF THE 3RD
Corpus Christi Hooks batting - Pitching for Midland RockHounds : RHP Nick Kirk
Batting: RHB Chris McGrath 0-0: Swinging Strike
0-1: Ball
1-1: Ball
2-1: Ground out 4-3 (Groundball, 4, EV 110.6 MPH)
Batting: RHB Zach Shaughnessy 0-0: Foul Ball, location: 2F
0-1: Foul Ball, location: 2F
0-2: DOUBLE (Flyball, 8RXD, EV 111.9 MPH)
Batting: RHB Paul Shell 0-0: Swinging Strike
0-1: Swinging Strike
0-2: Strikes out looking
Batting: RHB Antonio Gamez 0-0: Ball
1-0: Foul Ball, location: 2F
1-1: Foul Ball, location: 2F
1-2: Foul Ball, location: 2F
1-2: Strikes out swinging
Bottom of the 3rd over - 0 runs, 1 hit, 0 errors, 1 left on base; Midland 0 - Corpus Christi 0
TOP OF THE 4TH
Midland RockHounds batting - Pitching for Corpus Christi Hooks : RHP Michael Bruce
Batting: RHB Matt Sherard 0-0: Ball
1-0: Foul Ball, location: 2F
1-1: Called Strike
1-2: Ball
2-2: Fly out, F8 (Flyball, 8RXD, EV 107.5 MPH)
Batting: LHB John Shults 0-0: Called Strike
0-1: Called Strike
0-2: Ball
1-2: Ball
2-2: Strikes out swinging
Batting: LHB Chance Stever 0-0: Swinging Strike
0-1: Swinging Strike
0-2: Ball
1-2: Strikes out swinging
Top of the 4th over - 0 runs, 0 hits, 0 errors, 0 left on base; Midland 0 - Corpus Christi 0
BOTTOM OF THE 4TH
Corpus Christi Hooks batting - Pitching for Midland RockHounds : RHP Nick Kirk
Batting: LHB Angelo Vasquez 0-0: Ball
1-0: Ball
2-0: Ball
3-0: Called Strike
3-1: Base on Balls
Batting: RHB Jamie Jennings 0-0: Fielders Choice at 2nd, 3-6 (Groundball, 3, EV 84.4 MPH)
Batting: RHB Pete Isley 0-0: Called Strike
0-1: Swinging Strike
0-2: Ball
1-2: Strikes out swinging
Batting: SHB Malik Whitted 0-0: Ball
1-0: Foul Ball, location: 2F
1-1: Foul Ball, location: 2F
1-2: Strikes out swinging
Bottom of the 4th over - 0 runs, 0 hits, 0 errors, 1 left on base; Midland 0 - Corpus Christi 0
TOP OF THE 5TH
Midland RockHounds batting - Pitching for Corpus Christi Hooks : RHP Michael Bruce
Batting: RHB Kevin Wiles 0-0: Ball
1-0: Called Strike
1-1: Swinging Strike
1-2: Foul Ball, location: 2F
1-2: Ball
2-2: Ball
3-2: Strikes out swinging
Batting: RHB Trevor Conklin 0-0: Ball
1-0: Ball
2-0: Ground out 5-3 (Groundball, 5, EV 88.1 MPH)
Batting: RHB Fathi Addae 0-0: Ball
1-0: Ball
2-0: Fly out, F9 (Flyball, 9, EV 88.8 MPH)
Top of the 5th over - 0 runs, 0 hits, 0 errors, 0 left on base; Midland 0 - Corpus Christi 0
BOTTOM OF THE 5TH
Corpus Christi Hooks batting - Pitching for Midland RockHounds : RHP Nick Kirk
Batting: RHB Jim Huff 0-0: Called Strike
0-1: Ground out 5-3 (Groundball, 56, EV 78.1 MPH)
Batting: RHB Chris McGrath 0-0: Foul Ball, location: 2F
0-1: Swinging Strike
0-2: Ball
1-2: Ball
2-2: Foul Ball, location: 2F
2-2: Foul Ball, location: 2F
2-2: Strikes out swinging
Batting: RHB Zach Shaughnessy 0-0: Ball
1-0: Ball
2-0: Called Strike
2-1: Ball
3-1: Fly out, F8 (Line Drive, 8RD, EV 98.8 MPH)
Bottom of the 5th over - 0 runs, 0 hits, 0 errors, 0 left on base; Midland 0 - Corpus Christi 0
TOP OF THE 6TH
Midland RockHounds batting - Pitching for Corpus Christi Hooks : RHP Michael Bruce
Batting: RHB Dave Vezina 0-0: Called Strike
0-1: Ball
1-1: Ball
2-1: Foul Ball, location: 2F
2-2: Ball
3-2: Strikes out swinging
Batting: RHB Justin Menotti 0-0: Ball
1-0: Ground out 4-3 (Groundball, 4S, EV 83.8 MPH)
Batting: RHB Josh Sinden 0-0: Called Strike
0-1: Called Strike
0-2: Ground out U3 (Groundball, 34, EV 109.4 MPH)
Top of the 6th over - 0 runs, 0 hits, 0 errors, 0 left on base; Midland 0 - Corpus Christi 0
BOTTOM OF THE 6TH
Corpus Christi Hooks batting - Pitching for Midland RockHounds : RHP Nick Kirk
Batting: RHB Paul Shell 0-0: Ball
1-0: Ball
2-0: Fly out, F9 (Flyball, 9LD, EV 95.0 MPH)
Batting: RHB Antonio Gamez 0-0: Ball
1-0: Ball
2-0: Fly out, F8 (Flyball, 78D, EV 91.2 MPH)
Batting: LHB Angelo Vasquez 0-0: Swinging Strike
0-1: SINGLE (Groundball, 34D, EV 102.5 MPH)
Batting: RHB Jamie Jennings 0-0: Fly out, F8 (Flyball, 8LM, EV 94.4 MPH)
Bottom of the 6th over - 0 runs, 1 hit, 0 errors, 1 left on base; Midland 0 - Corpus Christi 0
TOP OF THE 7TH
Midland RockHounds batting - Pitching for Corpus Christi Hooks : RHP Michael Bruce
Batting: RHB Matt Sherard 0-0: Foul Ball, location: 2F
0-1: Ground out 6-3 (Groundball, 6S, EV 83.1 MPH)
Batting: LHB John Shults 0-0: SINGLE (Line Drive, 7S, EV 95.0 MPH)
Batting: LHB Chance Stever 0-0: Called Strike
0-1: Ball
1-1: Foul Ball, location: 2F
1-2: Ball
2-2: Fly out, F8 (Flyball, 8RM, EV 93.1 MPH)
Batting: RHB Kevin Wiles 0-0: Ball
1-0: Ball
2-0: Called Strike
2-1: SINGLE (Groundball, 6MD, EV 97.5 MPH)
John Shults to second
Runner from 2nd tries for 3rd, SAFE, no throw by CF
Batting: RHB Trevor Conklin 0-0: Ball
1-0: Called Strike
1-1: Swinging Strike
1-2: Fly out, F7 (Flyball, 7S, EV 86.9 MPH)
Top of the 7th over - 0 runs, 2 hits, 0 errors, 2 left on base; Midland 0 - Corpus Christi 0
BOTTOM OF THE 7TH
Corpus Christi Hooks batting - Pitching for Midland RockHounds : RHP Nick Kirk
Batting: RHB Pete Isley 0-0: Ball
1-0: Called Strike
1-1: Called Strike
1-2: Ground out 4-3 (Groundball, 4, EV 78.8 MPH)
Pitching: RHP Thomas Crowner
Batting: SHB Malik Whitted 0-0: Swinging Strike
0-1: Swinging Strike
0-2: Foul Ball, location: 2F
0-2: Foul Ball, location: 2F
0-2: Ball
1-2: Strikes out swinging
Batting: RHB Jim Huff 0-0: Ball
1-0: Called Strike
1-1: Foul Ball, location: 2F
1-2: Strikes out swinging
Bottom of the 7th over - 0 runs, 0 hits, 0 errors, 0 left on base; Midland 0 - Corpus Christi 0
TOP OF THE 8TH
Midland RockHounds batting - Pitching for Corpus Christi Hooks : RHP Michael Bruce
Batting: RHB Fathi Addae 0-0: SINGLE (Groundball, 6S, EV 73.1 MPH) (infield hit)
Pinch Hitting: SHB John Cummings 0-0: Called Strike
0-1: Ball
1-1: Ball
2-1: Ball
3-1: Called Strike
3-2: Fly out, F8 (Flyball, 8LD, EV 83.1 MPH)
Pinch Hitting: RHB Jonathan Gallup 0-0: Ball
1-0: Called Strike
1-1: Ball
2-1: Foul Ball, location: 2F
2-2: Ball
3-2: Foul Ball, location: 2F
3-2: Grounds into double play, 5-4-3 (Groundball, 5, EV 100.6 MPH)
Top of the 8th over - 0 runs, 1 hit, 0 errors, 0 left on base; Midland 0 - Corpus Christi 0
BOTTOM OF THE 8TH
Corpus Christi Hooks batting - Pitching for Midland RockHounds : RHP Thomas Crowner
Now at C: John Cummings
Now at SS: Mario Ramos
Batting: RHB Chris McGrath 0-0: Ball
1-0: Swinging Strike
1-1: Swinging Strike
1-2: Foul Ball, location: 2F
1-2: Ball
2-2: Strikes out looking
Batting: RHB Zach Shaughnessy 0-0: Called Strike
0-1: Ball
1-1: Fly out, F5 (Line Drive, 5, EV 67.5 MPH)
Batting: RHB Paul Shell 0-0: Called Strike
0-1: Ball
1-1: Ball
2-1: Ball
3-1: Base on Balls
Batting: RHB Antonio Gamez 0-0: Ball
Paul Shell steals 2nd base
1-0: Called Strike
1-1: SINGLE (Flyball, 7LS, EV 89.4 MPH)
Paul Shell to third
Runner from 3rd tries for Home, SAFE, throw by LF to home
Batting: LHB Angelo Vasquez 0-0: Ball
1-0: Called Strike
1-1: Ball
2-1: Ball
3-1: Ground out 4-3 (Groundball, 4, EV 110.0 MPH)
Bottom of the 8th over - 1 run, 1 hit, 0 errors, 1 left on base; Midland 0 - Corpus Christi 1
TOP OF THE 9TH
Midland RockHounds batting - Pitching for Corpus Christi Hooks : RHP Michael Bruce
Batting: RHB Josh Sinden 0-0: SINGLE (Groundball, 56S, EV 65.6 MPH) (infield hit)
Pinch Hitting: LHB Angel Sanchez 0-0: Ball
1-0: Foul Ball, location: 2F
1-1: Foul Ball, location: 2F
1-2: Foul Ball, location: 2F
1-2: Fly out, F9 (Flyball, 89XD, EV 108.8 MPH)
Runner from 1st tags up, SAFE at 2nd
Pitching: RHP John Zike
Batting: LHB John Shults 0-0: SINGLE (Groundball, 6D, EV 108.1 MPH)
Josh Sinden to third
Runner from 3rd tries for Home, SAFE, throw by CF to home
Batting: LHB Chance Stever 0-0: Swinging Strike
0-1: Ball
1-1: Ball
2-1: Ground out 5-3 (Groundball, 5D, EV 107.5 MPH)
John Shults to second
Batting: RHB Kevin Wiles 0-0: Intentional Walk
Batting: RHB Trevor Conklin 0-0: Ball
1-0: Ball
2-0: Ball
3-0: Called Strike
3-1: Swinging Strike
3-2: Foul Ball, location: 2F
3-2: Fly out, F5 (Popup, 5SF, EV 86.2 MPH)
Top of the 9th over - 1 run, 2 hits, 0 errors, 2 left on base; Midland 1 - Corpus Christi 1
BOTTOM OF THE 9TH
Corpus Christi Hooks batting - Pitching for Midland RockHounds : RHP Thomas Crowner
Now in CF: Angel Sanchez
Batting: RHB Jamie Jennings 0-0: Fly out, F3 (Popup, 3SF, EV 76.2 MPH)
Batting: RHB Pete Isley 0-0: Fly out, F6 (Flyball, 6D, EV 87.5 MPH)
Batting: SHB Malik Whitted 0-0: Called Strike
0-1: Ball
1-1: Swinging Strike
1-2: DOUBLE (Line Drive, 5D, EV 101.2 MPH)
Batting: RHB Jim Huff 0-0: Ball
1-0: Ball
2-0: Called Strike
2-1: Swinging Strike
2-2: Ball
3-2: Strikes out looking
Bottom of the 9th over - 0 runs, 1 hit, 0 errors, 1 left on base; Midland 1 - Corpus Christi 1
TOP OF THE 10TH
Midland RockHounds batting - Pitching for Corpus Christi Hooks : RHP John Zike
Batting: RHB Fathi Addae 0-0: Ball
1-0: Foul Ball, location: 2F
1-1: Called Strike
1-2: SINGLE (Groundball, 4MD, EV 100.0 MPH)
Batting: SHB John Cummings 0-0: Swinging Strike
0-1: Foul Ball, location: 2F
0-2: Foul Ball, location: 2F
0-2: Strikes out swinging
Pitching: RHP Greg Ritchie
Batting: RHB Mario Ramos 0-0: Called Strike
0-1: Ball
1-1: Ball
2-1: Fielders Choice at 2nd, 6-4 (Groundball, 6, EV 87.5 MPH)
Batting: RHB Josh Sinden 0-0: Ball
Mario Ramos steals 2nd base
1-0: Ground out 6-3 (Groundball, 6, EV 85.6 MPH)
Top of the 10th over - 0 runs, 1 hit, 0 errors, 1 left on base; Midland 1 - Corpus Christi 1
BOTTOM OF THE 10TH
Corpus Christi Hooks batting - Pitching for Midland RockHounds : RHP Thomas Crowner
Pitching: RHP George Rubio
Batting: RHB Chris McGrath 0-0: Called Strike
0-1: Ball
1-1: Swinging Strike
1-2: Strikes out swinging
Batting: RHB Zach Shaughnessy 0-0: Called Strike
0-1: Ball
1-1: Swinging Strike
1-2: Foul Ball, location: 2F
1-2: Ball
2-2: Ball
3-2: Ground out 5-3 (Groundball, 56, EV 87.5 MPH)
Batting: RHB Paul Shell 0-0: Foul Ball, location: 2F
0-1: Ball
1-1: Foul Ball, location: 2F
1-2: Ball
2-2: Fly out, F8 (Flyball, 89D, EV 95.0 MPH)
Bottom of the 10th over - 0 runs, 0 hits, 0 errors, 0 left on base; Midland 1 - Corpus Christi 1
TOP OF THE 11TH
Midland RockHounds batting - Pitching for Corpus Christi Hooks : RHP Greg Ritchie
Batting: LHB Angel Sanchez 0-0: Ball
1-0: Foul Ball, location: 2F
1-1: Ball
2-1: Swinging Strike
2-2: DOUBLE (Line Drive, 78XD, EV 108.8 MPH)
Batting: LHB John Shults 0-0: Ball
1-0: Foul Ball, location: 2F
1-1: Called Strike
1-2: Foul Ball, location: 2F
1-2: DOUBLE (Flyball, 8LXD, EV 101.2 MPH)
Angel Sanchez scores
Batting: LHB Chance Stever 0-0: Ball
1-0: Called Strike
1-1: Ball
2-1: Foul Ball, location: 2F
2-2: DOUBLE (Groundball, 5L, EV 103.1 MPH)
John Shults scores
Batting: RHB Kevin Wiles 0-0: Intentional Walk
Pitching: RHP Brian Lynch
Batting: RHB Trevor Conklin 0-0: Called Strike
0-1: Called Strike
0-2: SINGLE (Groundball, 34D, EV 101.2 MPH)
Chance Stever to third
Kevin Wiles to second
Runner from 3rd tries for Home, SAFE, throw by RF to home
Batting: RHB Fathi Addae 0-0: Bunted foul
0-1: Sac Bunt to 3S - play at first, batter OUT! 3-1
Kevin Wiles to third
Trevor Conklin to second
Batting: SHB John Cummings 0-0: Intentional Walk
Batting: RHB Mario Ramos 0-0: Foul Ball, location: 2F
0-1: Called Strike
0-2: Ball
1-2: Ball
2-2: Ball
3-2: Base on Balls
Kevin Wiles scores
Trevor Conklin to third
John Cummings to second
Batting: RHB Josh Sinden 0-0: Ball
1-0: Swinging Strike
1-1: Called Strike
1-2: Foul Ball, location: 2F
1-2: Foul Ball, location: 2F
1-2: Fly out, F9 (Flyball, 9, EV 90.0 MPH)
Batting: LHB Angel Sanchez 0-0: Ball
1-0: Ball
2-0: Called Strike
2-1: Ball
Wild Pitch!
Trevor Conklin scores
John Cummings to third
Mario Ramos to second
3-1: Base on Balls
Pitching: RHP Joe Rivin
Batting: LHB John Shults 0-0: Called Strike
0-1: Ball
1-1: GRAND SLAM HOME RUN (Flyball, 9D, EV 101.2 MPH), Distance : 401 ft
Batting: LHB Chance Stever 0-0: Swinging Strike
0-1: Called Strike
0-2: SOLO HOME RUN (Line Drive, 7LD, EV 97.5 MPH), Distance : 353 ft
Pinch Hitting: RHB Zack DiCicco 0-0: Ball
1-0: SOLO HOME RUN (Flyball, 7LD, EV 91.2 MPH), Distance : 332 ft
Batting: RHB Trevor Conklin 0-0: Swinging Strike
0-1: Ball
1-1: Ground out 6-3 (Groundball, 6M, EV 87.5 MPH)
Top of the 11th over - 11 runs, 7 hits, 0 errors, 0 left on base; Midland 12 - Corpus Christi 1
BOTTOM OF THE 11TH
Corpus Christi Hooks batting - Pitching for Midland RockHounds : RHP George Rubio
Now at 1B: Bastiaan Leenders
Batting: RHB Antonio Gamez 0-0: Ball
1-0: Ground out 4-3 (Groundball, 4, EV 85.6 MPH)
Batting: LHB Angelo Vasquez 0-0: Swinging Strike
0-1: Ball
1-1: Swinging Strike
1-2: Strikes out swinging
Batting: RHB Jamie Jennings 0-0: Called Strike
0-1: Ball
1-1: Ball
2-1: Foul Ball, location: 2F
2-2: Strikes out swinging
Bottom of the 11th over - 0 runs, 0 hits, 0 errors, 0 left on base; Midland 12 - Corpus Christi 1
Thursday, March 31st , 2022 - OOTP Baseball 22.12 Build 89